 Dungeon Crawl Stone Soup version bcrawl-1.27.6 (webtiles) character file.

Game seed: 381567329190802618

373947 Faustar the Fighter (level 11, -7/104 HPs)
             Began as a Ghoul Abyssal Knight on Sept 27, 2020.
             Was an Elder of Lugonu.
             Killed from afar by a deep elf mage (26 damage)
             ... with a bolt of lightning
             ... on level 8 of the Dungeon on Sept 28, 2020.
             The game lasted 00:20:03 (7726 turns).

Faustar the Fighter (Ghoul Abyssal Knight)          Turns: 7726, Time: 00:20:04

Health: -7/104     AC: 14    Str: 20    XL:     11   Next: 2%
Magic:  15/15      EV:  6    Int:  7    God:    Lugonu [****..]
Gold:   492        SH:  0    Dex:  8    Spells: 10/10 levels left

rFire    + . .     SeeInvis .   y - +0 flail (protect)
rCold    + . .     Gourm    .   (no shield)
rNeg     + + +     Faith    .   a - +2 plate armour {rF+}
rPois    ∞         Spirit   .   (no helmet)
rElec    .         Reflect  .   D - -1 cloak
rCorr    .         Harm     .   p - +0 pair of gloves
MR       .....                  (no boots)
Stlth    ..........             L - amulet of regeneration
HPRegen  0.00/turn              (no ring)
MPRegen  0.14/turn              (no ring)

@: rotting
A: rotting body, claws 1, carnivore, cold resistance 1, negative energy
resistance 3, inhibited regeneration, torment resistance, unbreathing
a: Depart the Abyss, Bend Space, Banish, Corrupt, Renounce Religion


You were on level 8 of the Dungeon.
You worshipped Lugonu.
Lugonu was greatly pleased with you.
You were not hungry.

You visited 2 branches of the dungeon, and saw 9 of its levels.
You visited the Abyss 1 time.
You also visited: Sewer.

You collected 492 gold pieces.

Inventory:

Hand Weapons
 y - a +0 flail of protection (weapon)
 I - a cursed +0 dire flail
Missiles
 c - 10 tomahawks of dispersal {=f}
 d - 1481 stones (quivered)
 J - a throwing net {=f}
Armour
 a - a +2 plate armour of fire resistance (worn)
 j - a +0 plate armour
 p - a +0 pair of gloves (worn)
 D - a -1 cloak (worn)
 F - the +4 buckler "Forget-Me-Not" {rN+ rCorr}
   (Lugonu gifted it to you on level 6 of the Dungeon)

   It protects you from negative energy.
   It provides partial protection from all sources of acid and corrosion.
Jewellery
 L - an amulet of regeneration (around neck)
Scrolls
 f - a scroll of amnesia
 g - a scroll of immolation
 h - a scroll of enchant armour {unknown}
 i - 2 scrolls of identify
 q - a scroll of teleportation
 u - a scroll of fog {unknown}
 v - a scroll of blinking
 B - a scroll of enchant weapon {unknown}
 G - a scroll of remove curse
Potions
 k - 2 potions of agility
 l - a potion of lignification
 m - a potion of haste {unknown}
 o - 2 potions of magic
 s - 3 potions of might
 t - 4 potions of heal wounds
 z - a potion of flight
 A - 4 potions of curing
 H - 3 potions of mutation {unknown}
 K - 2 potions of brilliance
Comestibles
 e - 12 rations {!d}


   Skills:
 + Level 11.7 Fighting
 + Level 10.0 Maces & Flails
 - Level 0.8 Throwing
 * Level 3.2 Armour
 - Level 0.8 Dodging
 - Level 7.0 Invocations


You had 10 spell levels left.
You didn't know any spells.
Your spell library contained the following spells:

 Spells                   Type           Power        Failure   Level  Hunger
 Blink                    Tloc           N/A          99%         2    ####...
 Magic Dart               Conj           #...         100%        1    None
 Call Imp                 Summ           #.....       100%        2    ####...
 Conjure Flame            Conj/Fire      #.......     100%        3    #####..
 Mephitic Cloud           Conj/Pois/Air  #.......     100%        3    #####..
 Spider Form              Tmut/Pois      Unusable     N/A         3    N/A

Dungeon Overview and Level Annotations

Branches:
Dungeon (8/12)             Temple (1/1) D:4
   Lair: D:7-9          Orc: D:8-11

Altars:
Cheibriados
Dithmenos
Elyvilon
Lugonu
Nemelex Xobeh
Qazlal
Ru
Sif Muna
Uskayaw
Xom
The Shining One

Shops:
D:7 =

Annotations:
D:5 exclusion: door


Innate Abilities, Weirdness & Mutations

Your body is rotting away.
You thrive on raw meat.
You are immune to poison.
You have sharp fingernails.
You are carnivorous and can eat meat at any time.
Your flesh is cold resistant. (rC+)
You are immune to negative energy. (rN+++)
You do not regenerate when monsters are visible.
You are immune to unholy pain and torment.
You can survive without breathing.


Message History

The deep elf mage is severely wounded.
You closely miss the deep elf mage.
The deep elf mage is severely wounded.
The deep elf mage casts a spell.
The deep elf mage blinks!
You completely miss the deep elf mage.
The deep elf mage is heavily wounded.
The deep elf mage mumbles some strange words.
The deep elf mage blinks!
You start resting.
The deep elf mage is too close now for your liking.
The deep elf mage points at you and mumbles some strange words.
The bolt of lightning hits you!
You closely miss the deep elf mage.
The deep elf mage is heavily wounded.
The deep elf mage casts a spell at you. The bolt of lightning hits you!!
* * * LOW HITPOINT WARNING * * *
The bolt of lightning hits you!!
You die...

#..........# #### #..........#
..######## #..........#
#....#...## #...........
##.........## #...........
####..........)#######..........#
...#...........)...............##
##.............#e####......#####
÷)............##@####..####....
#####....#...###........# ....
#..########...###)#># ....[ #
##.# ###..####...%##...... ...
..# #..........#......... .##
##.. #.#..###........## .# ##..
...#..# #.%[.....# ..# .....
..#......####... .. ....
..$....#.## ..#


You could see a deep elf mage.

Vanquished Creatures
  A two-headed ogre (D:8)
  Pikel (D:6)
  Joseph (D:7)
  A centaur skeleton (D:8)
  Grinder (D:4)
  2 hippogriffs
  A wyvern (D:8)
  2 wargs
  2 hungry ghosts (D:6)
  Edmund (D:4)
  An orc warrior (D:8)
  3 sky beasts
  5 ice beasts
  A phantom (D:5)
  A necrophage (D:5)
  5 ogres
  2 centaurs
  A big kobold (D:7)
  3 bullfrogs
  2 scorpions
  5 wights (D:7)
  4 killer bees (D:6)
  A howler monkey (D:6)
  3 crimson imps
  3 jellies
  A quasit (D:5)
  2 bullfrog zombies
  A centaur zombie (D:6)
  A bullfrog skeleton (D:5)
  3 hounds
  4 orc priests
  4 orc wizards
  4 iguanas
  8 worker ants
  A hound skeleton (D:5)
  4 gnolls (D:4)
  12 adders
  6 river rats (Sewer)
  2 shadow imps
  An adder skeleton (D:6)
  4 worms
  2 dart slugs
  A leopard gecko (D:3)
  21 orcs
  5 bats (D:1)
  2 giant cockroaches
  7 goblins
  13 hobgoblins
  5 jackals
  11 kobolds
  5 quokkas
  6 ball pythons
  9 frilled lizards
  20 rats
218 creatures vanquished.

Vanquished Creatures (others)
  2 slaves (D:6)
2 creatures vanquished.

Grand Total: 220 creatures vanquished

Notes
Turn   | Place    | Note
-------+----------+-------------------------------------------
     0 | Abyss:1  | Faustar the Ghoul Abyssal Knight began the quest for the
                  | Orb.
     0 | Abyss:1  | Reached XP level 1. HP: 19/19 MP: 1/1
    31 | Abyss:1  | Noticed a quasit
    32 | D:1      | Escaped the Abyss
   135 | D:1      | Reached * piety under Lugonu
   135 | D:1      | Reached XP level 2. HP: 22/26 MP: 2/2
   562 | D:1      | Reached XP level 3. HP: 24/33 MP: 3/3
   563 | D:1      | Reached skill level 4 in Fighting
   799 | D:2      | Found a shadowy altar of Dithmenos.
   857 | D:2      | Found a hide-covered altar of Uskayaw.
   966 | D:2      | Reached ** piety under Lugonu
  1536 | D:3      | Reached XP level 4. HP: 32/40 MP: 4/4
  1588 | D:3      | Noticed an ogre
  1623 | D:3      | Killed an ogre
  1623 | D:3      | Reached skill level 5 in Fighting
  1623 | D:3      | Reached XP level 5. HP: 10/48 MP: 5/5
  1774 | D:3      | Found a glowing drain.
  1778 | Sewer    | Entered a sewer
  2002 | Sewer    | Reached XP level 6. HP: 41/56 MP: 6/6
  2012 | Sewer    | Reached *** piety under Lugonu
  2220 | D:3      | Found a white marble altar of Elyvilon.
  2696 | D:4      | Noticed Edmund
  2707 | D:4      | Reached skill level 6 in Fighting
  2708 | D:4      | Killed Edmund
  2708 | D:4      | Reached XP level 7. HP: 57/64 MP: 5/7
  2748 | D:4      | Noticed Grinder
  2748 | D:4      | Paralysed by Grinder for 4 turns
  2764 | D:4      | Paralysed by Grinder for 3 turns
  2768 | D:4      | Killed Grinder
  2768 | D:4      | Reached skill level 5 in Maces & Flails
  2816 | D:4      | Found a staircase to the Ecumenical Temple.
  2830 | Temple   | Entered the Ecumenical Temple
  2862 | D:4      | Reached skill level 7 in Fighting
  3138 | D:4      | Reached XP level 8. HP: 62/73 MP: 7/9
  3418 | D:5      | Entered Level 5 of the Dungeon
  3552 | D:5      | Found a shimmering blue altar of Sif Muna.
  3732 | D:5      | Reached skill level 8 in Fighting
  3732 | D:5      | Reached skill level 5 in Invocations
  3854 | D:5      | Reached **** piety under Lugonu
  3932 | D:5      | Found a sacrificial altar of Ru.
  4123 | D:5      | Reached XP level 9. HP: 82/82 MP: 11/11
  4224 | D:5      | Reached skill level 9 in Fighting
  4952 | D:6      | Noticed Pikel
  4968 | D:6      | Killed Pikel
  4968 | D:6      | Received a gift from Lugonu
  4969 | D:6      | Got a twisted buckler {god gift}
  5068 | D:6      | Identified the +4 buckler "Forget-Me-Not" {rN+ rCorr}
                  | (Lugonu gifted it to you on level 6 of the Dungeon)
  5084 | D:6      | Reached skill level 10 in Fighting
  5084 | D:6      | Reached XP level 10. HP: 69/93 MP: 9/14
  5249 | D:6      | Found a shimmering altar of Xom.
  5255 | D:6      | Found a sparkling altar of Nemelex Xobeh.
  5255 | D:6      | Found an opulent altar of Gozag.
  5272 | D:6      | Found a burning altar of Makhleb.
  5272 | D:6      | Found a basalt altar of Yredelemnul.
  5272 | D:6      | Found a stormy altar of Qazlal.
  5768 | D:7      | Found a glowing golden altar of the Shining One.
  5872 | D:7      | Found a shimmering altar of Xom.
  6045 | D:7      | Found a snail-covered altar of Cheibriados.
  6386 | D:7      | Found Waplij's Jewellery Boutique.
  6521 | D:7      | Noticed Joseph
  6556 | D:7      | Killed Joseph
  6580 | D:7      | Reached skill level 11 in Fighting
  6646 | D:7      | Found a corrupted altar of Lugonu.
  7258 | D:8      | Noticed a deep elf mage
  7486 | D:8      | Noticed a two-headed ogre
  7502 | D:8      | Killed a two-headed ogre
  7502 | D:8      | Reached skill level 10 in Maces & Flails
  7568 | D:8      | Reached XP level 11. HP: 98/104 MP: 15/15
  7726 | D:8      | Killed from afar by a deep elf mage

Skill      XL: |  1  2  3  4  5  6  7  8  9 10 |
---------------+-------------------------------+-----
Maces & Flails | 2 3 4 5 6 8 10 | 10.0
Fighting       | 4 5 6 7 8 10 11 | 11.7
Invocations    | 3 5 7 |  7.0
Armour         | 3 |  3.2
Throwing       | |  0.8
Dodging        | |  0.8

Action                   |  1- 3 |  4- 6 |  7- 9 | 10-12 || total
-------------------------+-------+-------+-------+-------++-------
Melee: Mace              |   127 |   197 |       |       ||   324
       Flail             |       |       |   497 |   386 ||   883
Throw: Stone             |       |       |       |     3 ||     3
Invok: Depart the Abyss  |     1 |       |       |       ||     1
Evoke: Wand              |       |     2 |     5 |     2 ||     9
  Use: Potion            |       |     7 |       |       ||     7
       Scroll            |       |       |     4 |     5 ||     9
  Eat: Chunk             |    11 |    28 |    29 |    38 ||   106
       Ration            |       |       |     1 |       ||     1
Armor: Leather armour    |    42 |       |       |       ||    42
       Ring mail         |     2 |    15 |       |       ||    17
       Plate armour      |       |    72 |   408 |   267 ||   747
Dodge: Dodged            |    77 |    76 |   141 |    98 ||   392
